 Dungeon Crawl Stone Soup version 0.28-a0-1033-g1a2f33fa85 (webtiles) character file.

Game seed: 11045643199627494338

15 garbled the Grave Robber (level 2, -2/20 HPs)
             Began as a Human Necromancer on Dec 7, 2021.
             Slain by an adder (3 damage)
             ... on level 2 of the Dungeon.
             The game lasted 00:03:43 (1056 turns).

garbled the Grave Robber (Human Necromancer)        Turns: 1056, Time: 00:03:43

Health: -2/20      AC:  2    Str:  8    XL:     2   Next: 65%
Magic:  0/5        EV: 12    Int: 15    God:
Gold:   0          SH:  0    Dex: 13    Spells: 3/5 levels left

rFire   . . .      SeeInvis .   e - +0 spear
rCold   . . .      Faith    .   (no shield)
rNeg    . . .      Spirit   .   a - +0 robe
rPois   .          Reflect  .   (no helmet)
rElec   .          Harm     .   (no cloak)
rCorr   .          Rampage  .   (no gloves)
Will    .....                   (no boots)
Stlth   ++........              (no amulet)
HPRegen 0.06/turn               (no ring)
MPRegen 0.09/turn               (no ring)

@: lethally poisoned (-2 -> -7)
A: no striking features
a: no special abilities


You were on level 2 of the Dungeon.
You visited 1 branch of the dungeon, and saw 2 of its levels.

Inventory:

Hand Weapons
 c - a +0 whip
 e - a +0 spear (weapon)
Missiles
 b - 33 stones
Armour
 a - a +0 robe (worn)
Scrolls
 f - a scroll of blinking {unknown}
Potions
 d - a potion of curing {unknown}


   Skills:
 + Level 0.7 Fighting
 - Level 2.0 Dodging
 - Level 2.0 Stealth
 + Level 2.2 Spellcasting
 + Level 4.3 Necromancy


You had 3 spell levels left.
You knew the following spells:

 Your Spells              Type           Power      Damage    Failure   Level
a - Pain                  Necr           56%        1d6       3%          1
b - Animate Skeleton      Necr           28%        N/A       3%          1

Your spell library contained the following spells:

 Spells                   Type           Power      Damage    Failure   Level
 Vampiric Draining        Necr           14%        2d7       11%         3
 Blink                    Tloc           2%         N/A       32%         2
 Lesser Beckoning         Tloc           1%         N/A       54%         3
 Animate Dead             Necr           7%         N/A       36%         4
 Agony                    Necr           14%        N/A       71%         5
 Manifold Assault         Tloc           1%         N/A       99%         5


Dungeon Overview and Level Annotations

Branches:
Dungeon (1/15)

Altars:
Ashenzari


Message History

The adder hisses angrily.
Casting: Pain (safe; 3% risk of failure)
Confirm with . or Enter, or press ? or * to list all spells.
Aiming: Pain (safe; 3% risk of failure)
Press: ? - help, Shift-Dir - straight line, f/p - endoplasm
Aim: an endoplasm (almost dead, chance to affect: 85%)
The adder writhes in agony.
Casting: Pain (safe; 3% risk of failure)
Confirm with . or Enter, or press ? or * to list all spells.
Aiming: Pain (safe; 3% risk of failure)
Press: ? - help, Shift-Dir - straight line, f/p - endoplasm
Aim: an endoplasm (almost dead, chance to affect: 85%)
The adder writhes in agony.
The adder closely misses you. The adder bites you.
You are poisoned.
The adder poisons you!
Casting: Pain (safe; 3% risk of failure)
Confirm with . or Enter, or press ? or * to list all spells.
Aiming: Pain (safe; 3% risk of failure)
Press: ? - help, Shift-Dir - straight line, f/p - endoplasm
Aim: an endoplasm (almost dead, chance to affect: 85%)
The adder writhes in agony.
You feel sick. The adder bites you.
You are more poisoned.
The adder poisons you!
Unknown command.
Casting: Pain (safe; 3% risk of failure)
Confirm with . or Enter, or press ? or * to list all spells.
Aiming: Pain (safe; 3% risk of failure)
Press: ? - help, Shift-Dir - straight line, f/p - endoplasm
Aim: an endoplasm (almost dead, chance to affect: 85%)
The adder barely resists.
You feel sick. The adder bites you.
* * * LOW HITPOINT WARNING * * *
Unknown command.
Casting: Pain (safe; 3% risk of failure)
Confirm with . or Enter, or press ? or * to list all spells.
You don't have enough magic to cast this spell.
You hit the adder.
The adder is severely wounded.
* * * LOW HITPOINT WARNING * * *
You feel sick. The adder bites you.
You die...

...#...###...## #...##
#.#####.##.....##
##.### #.
#...#.......## #.#.###
#
#.##.........###.....#
...
+.........'....###....
...# #.........#.#.##
# .#.# ##.......##.#.#
..# ##.....###.#.# ..
##.@.## #.##. ##S##
#.# # #J# #.. ... ###
#.# ... ..( ...


You could see an adder and an endoplasm.

Vanquished Creatures
  A giant cockroach (D:1)
  4 goblins
  2 hobgoblins (D:1)
  3 kobolds (D:1)
  A quokka (D:1)
  A bat (D:1)
12 creatures vanquished.

Notes
Turn   | Place    | Note
-------+----------+-------------------------------------------
     0 | D:1      | garbled the Human Necromancer began the quest for the Orb.
     0 | D:1      | Reached XP level 1. HP: 13/13 MP: 3/3
    25 | D:1      | Learned a level 1 spell: Animate Skeleton
   346 | D:1      | Reached XP level 2. HP: 15/19 MP: 1/5
   962 | D:1      | You fall into a shaft and drop 1 floor!
  1015 | D:2      | Found a broken altar of Ashenzari.
  1056 | D:2      | HP: 1/20 [poisoned by an adder]
  1056 | D:2      | Slain by an adder

Illustrated notes

Levels and vault maps discovered:
D:1:      dpeg_arrival_rhombi, layout_loops_ring
D:2:      layout_loops_corners, nicolae_ecumenical_pavilion, serial_shops, shop,
          basic_altar, minmay_hexomino_u4

Action                   || total
-------------------------++-------
Melee: Unarmed           ||    10
       Spear             ||     2
 Cast: Pain              ||    26
Armor: Robe              ||     2
Dodge: Dodged            ||    14

Table legend: (Time is in decaauts)
 A = Elapsed time spent in this place.
 B = Non-inter-level travel time spent in this place.
 C = Inter-level travel time spent in this place.
 D = Time resting spent in this place.
 E = Time spent auto-exploring this place.
 F = Levels seen in this place.
 G = Mean time per level.
                   A        B        C        D        E       F      G
               +--------+--------+--------+--------+--------+-----+--------+
         Total |   1054 |   1054 |      0 |    129 |    665 |   2 |  527.0 |
       Dungeon |   1054 |   1054 |      0 |    129 |    665 |   2 |  527.0 |
               +--------+--------+--------+--------+--------+-----+--------+

Top non-repeatable levels by time:
     D:1: 961 daAuts
     D:2: 93 daAuts
